 Dungeon Crawl Stone Soup version 0.21-a0-434-g806c6c2 (webtiles) character file.

19 slep the Magician (level 2, -1/20 HPs)
             Began as a Demonspawn Wanderer on Nov 9, 2017.
             Slain by a hobgoblin (2 damage)
             ... on level 1 of the Dungeon.
             The game lasted 00:04:47 (858 turns).

slep the Magician (Demonspawn Wanderer)              Turns: 858, Time: 00:04:48

Health: -1/20      AC:  2    Str: 13    XL:     2   Next: 55%
Magic:  8/8        EV: 11    Int: 14    God:
Gold:   21         SH:  0    Dex: 10    Spells: 10/11 levels left

rFire    + . .     SeeInvis .   n - -1 whip (curse)
rCold    . . .     Gourm    .   (no shield)
rNeg     . . .     Faith    .   c - +0 robe
rPois    .         Spirit   .   (no helmet)
rElec    .         Reflect  .   (no cloak)
rCorr    .         Harm     .   (no gloves)
MR       .....                  (no boots)
Stlth    +.........             (no amulet)
HPRegen  0.06/turn              l - ring of protection from fire
MPRegen  0.11/turn              (no ring)

@: no status effects
A: powered by pain 1
a: no special abilities


You were on level 1 of the Dungeon.
You were not hungry.

You visited 1 branch of the dungeon, and saw 1 of its levels.

You collected 21 gold pieces.

Inventory:

Hand Weapons
 d - a +0 club
 g - a +0 whip
 n - a cursed -1 whip (weapon)
Armour
 c - a +0 robe (worn)
Jewellery
 l - a ring of protection from fire (left hand)
Scrolls
 e - 2 scrolls of teleportation {unknown}
 j - a scroll of magic mapping {unknown}
 m - a scroll of amnesia {unknown}
 o - a scroll of identify {unknown}
Potions
 h - a potion of mutation {unknown}
 i - a potion of invisibility
 p - a potion of curing {unknown}
 q - a potion of haste {unknown}
Books
 a - a book of Minor Magic

   Spells                             Type                      Level
   a - Magic Dart                     Conjuration                  1
   b - Blink                          Translocation                2
   c - Call Imp                       Summoning                    2
   d - Slow                           Hexes                        2
   e - Conjure Flame                  Conjuration/Fire             3
   f - Mephitic Cloud                 Conjuration/Poison/Air       3
 b - Enihar Neddi's Disquisition on Fire

   Spells                             Type                      Level
   a - Flame Tongue                   Conjuration/Fire             1
   b - Inner Flame                    Hexes/Fire                   3
Comestibles
 f - a bread ration
 k - 2 meat rations
 r - a chunk of flesh


   Skills:
 + Level 0.5 Fighting
 + Level 0.1 Maces & Flails
 + Level 0.1 Dodging
 + Level 0.2 Stealth
   Level 1.7 Shields
 + Level 5.4 Spellcasting
   Level 1.0 Hexes
   Level 1.0 Charms
   Level 1.0 Fire Magic


You had 10 spell levels left.
You knew the following spells:

 Your Spells              Type           Power        Failure   Level  Hunger
a - Magic Dart            Conj           #...         17%         1    None


Dungeon Overview and Level Annotations

Branches:
Dungeon (1/15)

Altars:
Xom


Innate Abilities, Weirdness & Mutations

You sometimes gain a little power by taking damage.


Message History

Your magical contamination has completely faded away.
A hobgoblin comes into view.
You see here a stone.
The hobgoblin moves out of view.
Things that are here:
5 stones; a kobold skeleton The hobgoblin shouts!
You barely miss the hobgoblin. The hobgoblin closely misses you.
The hobgoblin hits you.
You barely miss the hobgoblin. The hobgoblin closely misses you.
You closely miss the hobgoblin. The hobgoblin hits you.
* * * LOW HITPOINT WARNING * * *
You hit the hobgoblin.
The hobgoblin is moderately wounded.
The hobgoblin hits you.
* * * LOW HITPOINT WARNING * * *
You closely miss the hobgoblin.
The hobgoblin is moderately wounded.
The hobgoblin hits you.
You die...

#.##................##..##.##....
#..#.######...####>####.##.##....
#..#.# #...####.####.##.##....
...#.# #...##.............####
.....# ##...##)#.##...##.#.# #
##.### #....)#.#.##...##.#.####
#.# #.....#>#............... #.#
#.....).g..#..#.#.#.####
##.#######.....#@#..#..#.#.#.# #
...#..)......................# #
####.####.##.#####(.#.##.#####
#....#^#.......(......#
#..........#####.#.##.#
#....#.#...# #.#.##.#
#.#.##.##.## #.#..#.## ###......#
.# #.......# #......### #
#.##.#..#


You could see a hobgoblin.

Vanquished Creatures
  A giant cockroach (D:1)
  2 goblins (D:1)
  4 hobgoblins (D:1)
  2 bats (D:1)
  5 kobolds (D:1)
  3 rats (D:1)
17 creatures vanquished.

Notes
Turn   | Place    | Note
-------+----------+-------------------------------------------
     0 | D:1      | slep the Demonspawn Wanderer began the quest for the Orb.
     0 | D:1      | slep set off with: a book of Minor Magic, Enihar Neddi's Disquisition on Fire, a +0 robe, a +0 club, a bread ration
     0 | D:1      | Reached XP level 1. HP: 13/13 MP: 6/6
    57 | D:1      | Learned a level 1 spell: Magic Dart
   459 | D:1      | Gained mutation: You sometimes gain a little power by taking damage. [demonic ancestry]
   459 | D:1      | Reached XP level 2. HP: 7/20 MP: 8/8
   656 | D:1      | Found a shimmering altar of Xom.
   857 | D:1      | HP: 1/20 [hobgoblin (3)]
   858 | D:1      | Slain by a hobgoblin

Vault maps used:
D:1:      eino_arrival_water_cross, xom_teletrap_fun

Action                   || total
-------------------------++-------
Melee: Club              ||    28
       Whip              ||    40
 Cast: Magic Dart        ||    10
  Use: Potion            ||     1
 Stab: Sleeping          ||     1
Armor: Robe              ||    12
Dodge: Dodged            ||    54

Table legend:
 A = Spawn XP
 B = Non-spawn XP
 C = Spawn XP percentage of total XP
 D = Spawn monster count
 E = Non-spawn monster count
 F = Spawn count percentage of total count
 G = Total turns spent on level
                    A         B        C        D         E        F      G
               +---------+---------+-------+---------+---------+-------+---------
         Total |       0 |      28 |   0.0 |       0 |      17 |   0.0 |   858
               +---------+---------+-------+---------+---------+-------+---------
           D:1 |       0 |      28 |   0.0 |       0 |      17 |   0.0 |   858
               +---------+---------+-------+---------+---------+-------+---------
